 Dungeon Crawl Stone Soup version 0.22-a0-422-g9628fc87f1 (webtiles) character file.

42 RedPan the Sneak (level 3, 0/16 HPs)
             Began as a Spriggan Enchanter on May 23, 2018.
             Was an Initiate of Okawaru.
             Slain by an adder (3 damage)
             ... on level 1 of the Dungeon.
             The game lasted 00:04:13 (1098 turns).

RedPan the Sneak (Spriggan Enchanter)               Turns: 1098, Time: 00:04:13

Health: 0/16       AC:  2    Str:  4    XL:     3   Next: 35%
Magic:  2/8        EV: 18    Int: 17    God:    Okawaru [......]
Gold:   47         SH:  0    Dex: 16    Spells: 2/8 levels left

rFire    . . .     SeeInvis +   a - +1 dagger
rCold    . . .     Gourm    .   (shield restricted)
rNeg     . . .     Faith    .   b - +0 robe
rPois    .         Spirit   .   (helmet restricted)
rElec    .         Reflect  .   (no cloak)
rCorr    .         Harm     .   (gloves unavailable)
MR       .....                  (boots unavailable)
Stlth    +++.......             (no amulet)
HPRegen  0.05/turn              (no ring)
MPRegen  0.11/turn              (no ring)

@: lethally poisoned (0 -> -8), very slightly contaminated, very quick
A: very small, unfitting armour, see invisible, herbivore, speed 3, slow
metabolism 2
a: Renounce Religion


You were on level 1 of the Dungeon.
You worshipped Okawaru.
Okawaru was noncommittal.
You were not hungry.

You visited 1 branch of the dungeon, and saw 2 of its levels.

You collected 47 gold pieces.

Inventory:

Hand Weapons
 a - a +1 dagger (weapon)
Armour
 b - a +0 robe (worn)
Scrolls
 c - 2 scrolls of identify {unknown}
 g - a scroll of enchant armour {unknown}
 i - a scroll of fear {unknown}
 j - a scroll of blinking {unknown}
Potions
 e - a potion of curing {unknown}
 f - a potion of resistance {unknown}
 h - a potion of mutation {unknown}
Comestibles
 d - a ration


   Skills:
 + Level 1.6 Short Blades
 + Level 3.3 Dodging
 + Level 5.2 Stealth
 - Level 3.0 Spellcasting
 + Level 4.3 Hexes


You had 2 spell levels left.
You knew the following spells:

 Your Spells              Type           Power        Failure   Level  Hunger
a - Corona                Hex            ###....      3%          1    None
b - Ensorcelled Hibernat  Hex/Ice        #.....       11%         2    ##.....
c - Confuse               Hex            ###.....     9%          3    ###....

Your spell library contained the following spells:

 Spells                   Type           Power        Failure   Level  Hunger
 Tukima's Dance           Hex            ###.....     9%          3    ###....
 Dazzling Spray           Conj/Hex       #.....       22%         3    ###....


Dungeon Overview and Level Annotations

Branches:
Dungeon (2/15)

Altars:
Fedhas
Okawaru


Innate Abilities, Weirdness & Mutations

You are very small and have problems with some larger weapons.
You are too small for most types of armour.
You have supernaturally acute eyesight. (SInv)
You are a herbivore.
You cover ground extremely quickly.
You need to consume almost no food.


Message History

The adder bites you.
You miss the adder.
The adder is almost dead.
* * * LOW HITPOINT WARNING * * *
You feel sick. The adder barely misses you. The adder closely misses you.
You miss the adder.
The adder is almost dead.
The adder completely misses you.
You barely miss the adder.
The adder is almost dead.
* * * LOW HITPOINT WARNING * * *
You feel sick. The adder barely misses you.
You barely miss the adder.
The adder is almost dead.
The adder completely misses you.
You barely miss the adder.
The adder is almost dead.
* * * LOW HITPOINT WARNING * * *
You feel sick. The adder bites you.
You die...

###..........#.#.##.#
#.#
##########.(......#
#.# #..######## #.#
#..######### #.# ###
#..#.......# #.# ..#
#..#.#####.# #.# #.#
#..#.#####.####.# #.#
#..#.##.........# #.#
#@)#.##.##.###### #.#
#.S#.##.##.# #.###
#..#.>.....# ....#
##########..####.####
#.#.# #...........#
##.#
#.#.###.########.##
#..#
..#..)...........#
#.##
#######.##########
#.# #######.# #.#


You could see an adder.

Vanquished Creatures
  An adder (D:2)
  3 dart slugs
  2 giant cockroaches
  4 hobgoblins
  3 kobolds
  3 bats
  3 frilled lizards
  4 goblins
  6 rats
29 creatures vanquished.

Notes
Turn   | Place    | Note
-------+----------+-------------------------------------------
     0 | D:1      | RedPan the Spriggan Enchanter began the quest for the Orb.
     0 | D:1      | Reached XP level 1. HP: 9/9 MP: 5/5
   141 | D:1      | Reached XP level 2. HP: 13/13 MP: 6/6
   145 | D:1      | Learned a level 2 spell: Ensorcelled Hibernation
   217 | D:1      | Found an iron altar of Okawaru.
   230 | D:1      | Became a worshipper of Warmaster Okawaru
   327 | D:1      | Reached skill level 5 in Stealth
   828 | D:2      | Found a blossoming altar of Fedhas.
   867 | D:2      | Reached XP level 3. HP: 16/16 MP: 6/8
  1007 | D:2      | Found an iron altar of Okawaru.
  1055 | D:2      | Learned a level 3 spell: Confuse
  1098 | D:1      | Slain by an adder

Vault maps used:
D:1:      scummos_arrival_forest, okawaru_ov_weapons_minmay
D:2:      lemuel_doored_altar, marbit_many_paths, overflow_temple_1_default

Skill      XL: |  1  2 |
---------------+-------+-----
Hexes          | 4 |  4.3
Stealth        | 5 |  5.2
Spellcasting   | 3 |  3.0
Short Blades   | |  1.6
Dodging        | |  3.3

Action                   || total
-------------------------++-------
Melee: Dagger            ||    83
 Cast: Ensorcelled Hiber ||     6
 Stab: Sleeping          ||    16
       Distracted        ||     1
Armor: Robe              ||     8
Dodge: Dodged            ||    55

Table legend:
 A = Spawn XP
 B = Non-spawn XP
 C = Spawn XP percentage of total XP
 D = Spawn monster count
 E = Non-spawn monster count
 F = Spawn count percentage of total count
 G = Total turns spent on level
                    A         B        C        D         E        F      G
               +---------+---------+-------+---------+---------+-------+---------
         Total |       0 |      61 |   0.0 |       0 |      29 |   0.0 |  1098
               +---------+---------+-------+---------+---------+-------+---------
           D:1 |       0 |      29 |   0.0 |       0 |      17 |   0.0 |   842
           D:2 |       0 |      32 |   0.0 |       0 |      12 |   0.0 |   256
               +---------+---------+-------+---------+---------+-------+---------
